 Dungeon Crawl Stone Soup version 0.23-a0-642-g3120c2f (console) character file.

9 Duffy the Firebug (level 2, 19/19 HPs)
             Began as a Demonspawn Fire Elementalist on Dec 30, 2018.
             Quit the game on level 1 of the Dungeon.
             The game lasted 00:00:22 (607 turns).

Duffy the Firebug (Demonspawn Fire Elementalist)     Turns: 607, Time: 00:00:22

Health: 19/19      AC:  2    Str:  8    XL:     2   Next: 3%
Magic:  5/5        EV: 12    Int: 16    God:
Gold:   0          SH:  0    Dex: 13    Spells: 4/5 levels left

rFire    . . .     SeeInvis .   e - +0 dagger
rCold    . . .     Gourm    .   (no shield)
rNeg     . . .     Faith    .   a - +0 robe
rPois    .         Spirit   .   (helmet restricted)
rElec    .         Reflect  .   (no cloak)
rCorr    .         Harm     .   (no gloves)
MR       .....                  (no boots)
Stlth    ++........             (no amulet)
HPRegen  0.06/turn              (no ring)
MPRegen  0.09/turn              (no ring)

@: no status effects
A: horns 1
a: no special abilities


You were on level 1 of the Dungeon.
You were not hungry.

You visited 1 branch of the dungeon, and saw 1 of its levels.

Inventory:

Hand Weapons
 e - a +0 dagger (weapon)
Armour
 a - a +0 robe (worn)
Scrolls
 d - a scroll of identify {unknown}
 g - a scroll of amnesia {unknown}
Potions
 b - a potion of haste {unknown}
 f - a potion of invisibility {unknown}
 h - a potion of heal wounds {unknown}
Comestibles
 c - 2 rations


   Skills:
 - Level 1.7 Dodging
 - Level 1.7 Stealth
 + Level 2.2 Spellcasting
 + Level 1.4 Conjurations
 + Level 2.9 Fire Magic


You had 4 spell levels left.
You knew the following spells:

 Your Spells              Type           Power        Failure   Level  Hunger
h - Flame Tongue          Conj/Fire      #....        9%          1    #......

Your spell library contained the following spells:

 Spells                   Type           Power        Failure   Level  Hunger
 Throw Flame              Conj/Fire      #.....       13%         2    ###....
 Conjure Flame            Conj/Fire      #.......     26%         3    ###....
 Inner Flame              Hex/Fire       #.......     32%         3    ###....
 Sticky Flame             Conj/Fire      #.......     63%         4    #####..
 Fireball                 Conj/Fire      #.........   93%         5    ######.


Dungeon Overview and Level Annotations

Branches:
Dungeon (1/15)

Altars:
Ashenzari


Innate Abilities, Weirdness & Mutations

You have a pair of small horns on your head.


Message History

You hit the goblin.
You kill the goblin!
You have reached level 2!
Your demonic ancestry asserts itself...
A pair of horns grows on your head!
Your magical contamination has completely faded away.
All of the chunks of flesh in your inventory have rotted away.
You butcher the goblin corpse.
f - a chunk of flesh You see here a goblin skeleton. x2
Found a hand axe.
c - 2 rations (gained 1)
You see here a goblin skeleton.
All of the chunks of flesh in your inventory have rotted away.
You open the door.
There is an open door here.
You see here a kobold skeleton.
f - a brown potion
Found a shattered altar of Ashenzari.
Are you sure you want to abandon this character and quit the game? (Confirm

### # ..#.# #. #.#.# #.#
#.#.# ..##.#.# #
#.#.#.....## #
#.._.......#############
#@.#..............
##...#########.### ##.##
#.# # #.# #.# #.# #.#
#+# ##.# #..# # #.## #
###.####


There were no monsters in sight!

Vanquished Creatures
  A giant cockroach (D:1)
  2 goblins (D:1)
  3 kobolds (D:1)
  A frilled lizard (D:1)
  A rat (D:1)
8 creatures vanquished.

Notes
Turn   | Place    | Note
-------+----------+-------------------------------------------
     0 | D:1      | Duffy the Demonspawn Fire Elementalist began the quest for
                  | the Orb.
     0 | D:1      | Reached XP level 1. HP: 13/13 MP: 3/3
   292 | D:1      | Gained mutation: You have a pair of small horns on your
                  | head. [demonic ancestry]
   292 | D:1      | Reached XP level 2. HP: 8/19 MP: 0/5
   606 | D:1      | Found a shattered altar of Ashenzari.
   607 | D:1      | Quit the game

Vault maps used:
D:1:      dpeg_arrival_boxes_within_box, grunt_decor_resistance,
          amethyst_killhole, roderic_lattice_a, ashenzari_altar_1

Action                   || total
-------------------------++-------
Melee: Dagger            ||    10
 Cast: Flame Tongue      ||    11
Armor: Robe              ||     1
Dodge: Dodged            ||     8

Table legend:
 A = Non-vault XP
 B = Vault XP
 C = Vault XP percentage of total XP
 D = Non-vault monster count
 E = Vault monster count
 F = Vault count percentage of total count
                 A         B        C        D         E       F
            +---------+---------+-------+---------+---------+-------
      Total |      13 |       0 |   0.0 |       8 |       0 |   0.0
            +---------+---------+-------+---------+---------+-------
        D:1 |      13 |       0 |   0.0 |       8 |       0 |   0.0
            +---------+---------+-------+---------+---------+-------
